 Dungeon Crawl Stone Soup version 0.27-a0-1331-g60ef6b6952 (webtiles) character file.

Game seed: 11399719273756220746

1577 Froggeryz the Basher (level 8, -3/94 HPs)
             Began as a Barachi Berserker on June 25, 2021.
             Was a Priest of Trog.
             Slain by a wight (12 damage)
             ... on level 6 of the Dungeon.
             The game lasted 00:05:03 (7998 turns).

Froggeryz the Basher (Barachi Berserker)            Turns: 7998, Time: 00:05:04

Health: -3/94      AC: 17    Str: 21    XL:     8   Next: 91%
Magic:  8/8        EV: 25    Int:  7    God:    Trog [***...]
Gold:   291        SH:  0    Dex: 12    Spells: 7/7 levels left

rFire    + . .     SeeInvis .   x - +2 flail (protect)
rCold    . . .     Faith    .   (no shield)
rNeg     . . .     Spirit   .   l - +0 scale mail
rPois    +         Reflect  .   (no helmet)
rElec    .         Harm     .   n - +0 cloak {Will+}
rCorr    .         Rampage  .   t - +0 pair of gloves
Will     +....                  (no boots)
Stlth    ..........             c - amulet of the acrobat
HPRegen  0.25/turn              f - ring of poison resistance
MPRegen  0.11/turn              q - ring of protection from fire

@: berserking (expiring), under a protective aura, unable to hop, acrobatic,
quick
A: amphibious, slowness 1, strong legs 1, +LOS
a: Hop, Renounce Religion, Berserk, Trog's Hand


You were on level 6 of the Dungeon.
You worshipped Trog.
Trog was most pleased with you.
You visited 1 branch of the dungeon, and saw 6 of its levels.

You collected 291 gold pieces.

Inventory:

Hand Weapons
 x - a +2 flail of protection (weapon)
Missiles
 h - 4 boomerangs
Armour
 l - a +0 scale mail (worn)
 n - a +0 cloak of willpower (worn)
 t - a +0 pair of gloves (worn)
Jewellery
 c - an amulet of the acrobat (around neck)
 f - a ring of poison resistance (left hand)
 q - a ring of protection from fire (right hand)
 v - a ring of fire
Scrolls
 m - 4 scrolls of teleportation
 p - a scroll of summoning {unknown}
 r - a scroll of blinking
 s - a scroll of magic mapping {unknown}
 w - a scroll of immolation
Potions
 b - 3 potions of might {unknown}
 d - a potion of magic {unknown}
 e - a potion of attraction {unknown}
 g - 2 potions of lignification
 i - 3 potions of heal wounds {unknown}
 j - 2 potions of curing {unknown}
 k - 2 potions of berserk rage
 o - a potion of degeneration {unknown}
 u - a potion of flight {unknown}


   Skills:
 + Level 5.4 Fighting
 * Level 10.4 Maces & Flails
 - Level 6.3 Armour
 - Level 2.1 Dodging


You had 7 spell levels left.
You didn't know any spells.
Your spell library was empty.

Dungeon Overview and Level Annotations

Branches:
Dungeon (6/15)
 Temple: D:4-7

Altars:
Ashenzari
Elyvilon
Gozag
Okawaru
Trog
Uskayaw
Wu Jian
Zin
The Shining One

Shops:
D:3 [


Innate Abilities, Weirdness & Mutations

You are amphibious.
You cover ground slowly.
You can hop short distances.
You have an extended range of vision and can be seen from far away.


Message History

The wight hits you from afar with a +3 spear.
A red film seems to cover your vision as you go berserk!
You feel yourself moving faster!
You feel mighty! The wight hits you with a +5 spear!
The wight hits you with a +0 battleaxe! The wight hits you but does no damage.
You closely miss the wight. The wight hits you but does no damage.
You hit the wight.
Your weapon exudes an aura of protection.
The wight is lightly damaged.
The wight barely misses you.
The wight hits you from afar with a +3 spear!
You sock the wight!
The wight is heavily damaged.
The wight hits you but does no damage. The wight completely misses you.
The wight hits you from afar with a +3 spear!
You feel drained.
You closely miss the wight.
The wight is heavily damaged.
The wight hits you with a +5 spear!
* * * LOW HITPOINT WARNING * * *
You hit the wight.
The wight is severely damaged.
The wight hits you but does no damage. The wight hits you with a +0 battleaxe!
* * * LOW HITPOINT WARNING * * *
You thump the wight!
You destroy the wight!
Trog accepts your kill.
The wight hits you from afar with a +3 spear.
* * * LOW HITPOINT WARNING * * *
You feel drained.
* * * LOW HITPOINT WARNING * * *
The wight barely misses you.
You bludgeon the wight!!
You destroy the wight!
Trog accepts your kill.
Your life force feels restored.
The centaur zombie completely misses you.
The centaur zombie kicks you but does no damage.
The wight hits you with a +3 spear!
You die...

........#
#.......#
###....>..###
...........
........#
.....>.#
......####
#####Zz.......
#....@........
###.###)##..####
#...###.# # #
#.#.....# #.
#...###..# #.
##..## ##.#
#[##...# ...
#....### ##.. ##
#...## #+# #....


You could see a wight and a centaur zombie.

Vanquished Creatures
  Eustachio (D:5)
  A black bear (D:6)
  An ice beast (D:5)
  3 ogres
  A phantom (D:5)
  4 scorpions
  3 water moccasin zombies (D:5)
  2 wights (D:6)
  A centaur skeleton (D:5)
  2 orc priests
  3 jellies
  An iguana (D:6)
  An orc wizard (D:6)
  A hound skeleton (D:5)
  8 gnolls
  5 adders
  A white imp (D:6)
  2 dart slugs
  12 orcs
  8 ball pythons
  5 bats
  8 endoplasms
  5 giant cockroaches
  7 hobgoblins
  2 quokkas
  5 frilled lizards
  6 goblins
  2 kobolds (D:2)
  4 rats
105 creatures vanquished.

Notes
Turn   | Place    | Note
-------+----------+-------------------------------------------
     0 | D:1      | Froggeryz the Barachi Berserker began the quest for the
                  | Orb.
     0 | D:1      | Reached XP level 1. HP: 18/18 MP: 1/1
   124 | D:1      | Found a faded altar of an unknown god.
   238 | D:1      | Reached XP level 2. HP: 17/24 MP: 2/2
   441 | D:1      | Reached skill level 4 in Maces & Flails
  1013 | D:1      | Reached XP level 3. HP: 29/29 MP: 3/3
  1437 | D:2      | Reached ** piety under Trog
  1437 | D:2      | HP: 2/43 [frozen (5)]
  2223 | D:2      | Reached skill level 5 in Maces & Flails
  2310 | D:2      | Reached XP level 4. HP: 18/36 MP: 4/4
  3166 | D:3      | Found Sirog's Antique Armour Shop.
  3504 | D:3      | Found a bloodstained altar of Trog.
  3505 | D:3      | Found an iron altar of Okawaru.
  3596 | D:3      | Found a glowing golden altar of the Shining One.
  4015 | D:4      | Noticed an ogre
  4020 | D:4      | Killed an ogre
  4021 | D:4      | Reached skill level 6 in Maces & Flails
  4021 | D:4      | Reached XP level 5. HP: 41/41 MP: 5/5
  4418 | D:4      | Reached *** piety under Trog
  4501 | D:4      | Reached XP level 6. HP: 47/47 MP: 6/6
  4562 | D:4      | Found a glowing silver altar of Zin.
  4957 | D:4      | Found a hide-covered altar of Uskayaw.
  5045 | D:4      | Reached skill level 7 in Maces & Flails
  5641 | D:5      | Entered Level 5 of the Dungeon
  5659 | D:5      | Reached XP level 7. HP: 46/52 MP: 7/7
  5699 | D:5      | Reached skill level 5 in Armour
  5792 | D:5      | Reached skill level 8 in Maces & Flails
  6480 | D:5      | Reached XP level 8. HP: 45/59 MP: 8/8
  6612 | D:5      | Reached skill level 9 in Maces & Flails
  6874 | D:5      | Found a white marble altar of Elyvilon.
  6969 | D:5      | Found an ornate altar of the Wu Jian Council.
  7019 | D:5      | Noticed Eustachio
  7036 | D:5      | Killed Eustachio
  7298 | D:5      | Found an opulent altar of Gozag.
  7390 | D:5      | Identified a scroll of acquirement
  7391 | D:5      | Acquired a +0 cloak of willpower
  7405 | D:5      | Found a broken altar of Ashenzari.
  7708 | D:6      | Reached skill level 10 in Maces & Flails
  7723 | D:6      | Reached skill level 5 in Fighting
  7998 | D:6      | Slain by a wight

Illustrated notes

Levels and vault maps discovered:
D:1:      lemuel_arrival_muddy, layout_basic,
          hellmonk_ecumenical_altar_arch_garden, serial_corexii_hall,
          chequers_hall_statues_corner_a, chequers_hall_statues_wall_a,
          corexii_hall_statues_t, corexii_hall_statues_l,
          chequers_hall_statues_y, corexii_hall_statues_i,
          corexii_hall_statues_x, minmay_shallow_snake_nest
D:2:      layout_basic
D:3:      layout_loops_ring, grunt_temple_overflow_bloody_war,
          lemuel_coloured_pillars_altar, serial_shops, shop,
          amcnicky_mini_rare_corridor_liquid, chequers_mini_garden
D:4:      layout_layer_cave, zin_academy, kennysheep_mini, patterned_corridor
D:5:      layout_gridville, amcnicky_altar_gilded, lemuel_round_altar,
          kennysheep_mini_moat, overflow_temple_1_default, uniq_eustachio
D:6:      layout_loops_ring, nemelex_dance_club_becter,
          minmay_temple_entry_proselytizer, kennysheep_generic_room_8

Skill      XL: |  1  2  3  4  5  6  7  8 |
---------------+-------------------------+-----
Maces & Flails | 4 5 6 7 8 10 | 10.4
Armour         | 3 4 6 |  6.3
Fighting       | 5 |  5.4
Dodging        | |  2.1

Action                   |  1- 3 |  4- 6 |  7- 9 || total
-------------------------+-------+-------+-------++-------
Melee: Mace              |    90 |   138 |   153 ||   381
       Flail             |       |       |    15 ||    15
Invok: Berserk           |     1 |     4 |     5 ||    10
 Abil: Hop               |       |       |     1 ||     1
  Use: Scroll            |       |     7 |     2 ||     9
 Stab: Sleeping          |     1 |     1 |       ||     2
Armor: Animal skin       |    25 |     4 |       ||    29
       Scale mail        |       |    49 |    74 ||   123
Dodge: Dodged            |    76 |    93 |   102 ||   271

Table legend: (Time is in decaauts)
 A = Elapsed time spent in this place.
 B = Non-inter-level travel time spent in this place.
 C = Inter-level travel time spent in this place.
 D = Time resting spent in this place.
 E = Time spent auto-exploring this place.
 F = Levels seen in this place.
 G = Mean time per level.
                   A        B        C        D        E       F      G
               +--------+--------+--------+--------+--------+-----+--------+
         Total |   9006 |   8767 |    239 |   1015 |   6861 |   6 | 1501.0 |
       Dungeon |   9006 |   8767 |    239 |   1015 |   6861 |   6 | 1501.0 |
               +--------+--------+--------+--------+--------+-----+--------+

Top non-repeatable levels by time:
     D:5: 2406 daAuts
     D:4: 2079 daAuts
     D:1: 1880 daAuts
     D:2: 1483 daAuts
     D:3: 1010 daAuts
     D:6: 146 daAuts
